 Dungeon Crawl Stone Soup version 0.26.1-2-gb8aa6d0cf2 (webtiles) character file.

Game seed: 182676076076122742

189 Gauvater the Chopper (level 5, -3/48 HPs)
             Began as a Palentonga Fighter on Feb 14, 2021.
             Killed by nerve-wracking pain
             ... invoked by an orc priest
              (7 damage)
             ... on level 3 of the Dungeon.
             The game lasted 00:06:13 (2574 turns).

Gauvater the Chopper (Palentonga Fighter)           Turns: 2574, Time: 00:06:14

Health: -3/48      AC:  8    Str: 20    XL:     5   Next: 40%
Magic:  14/14      EV:  5    Int:  9    God:
Gold:   50         SH:  9    Dex:  9    Spells: 4/4 levels left

rFire    . . .     SeeInvis +   a - +0 war axe
rCold    . . .     Faith    .   c - +0 kite shield
rNeg     . . .     Spirit   .   b - +0 scale mail
rPois    .         Reflect  .   (no helmet)
rElec    .         Harm     .   (no cloak)
rCorr    .         Rampage  .   h - +0 pair of gloves
Will     .....                  (no barding)
Stlth    ..........             (no amulet)
HPRegen  0.16/turn              i - ring of magical power
MPRegen  0.14/turn              (no ring)

@: mighty
A: large, rugged brown scales 3, see invisible, deformed body, roll 1, armoured
tail
a: Rolling Charge


You were on level 3 of the Dungeon.
You visited 1 branch of the dungeon, and saw 3 of its levels.

You collected 50 gold pieces.

Inventory:

Hand Weapons
 a - a +0 war axe (weapon)
Missiles
 k - 54 bolts
 l - 6 silver javelins
Armour
 b - a +0 scale mail (worn)
 c - a +0 kite shield (worn)
 h - a +0 pair of gloves (worn)
Jewellery
 i - a ring of magical power (left hand)
 n - an uncursed ring of resist corrosion {unknown}
Wands
 r - a wand of polymorph (7)
Scrolls
 g - 2 scrolls of remove curse {unknown}
 j - a scroll of random uselessness {unknown}
 q - a scroll of teleportation {unknown}
 s - a scroll of enchant weapon {unknown}
Potions
 e - a potion of flight {unknown}
 f - a potion of magic {unknown}
 m - a potion of attraction {unknown}
 o - a potion of heal wounds {unknown}


   Skills:
 + Level 3.3 Fighting
 + Level 3.9 Axes
 + Level 3.4 Armour
 + Level 0.3 Dodging
 + Level 3.0 Shields


You had 4 spell levels left.
You didn't know any spells.
Your spell library was empty.

Dungeon Overview and Level Annotations

Branches:
Dungeon (3/15)

Altars:
Ashenzari
Dithmenos
Xom
Yredelemnul


Innate Abilities, Weirdness & Mutations

You are completely covered in rugged brown scales. (AC +3, +7% HP)
You have supernaturally acute eyesight. (SInv)
Armour fits poorly on your strangely shaped body.
You can roll at nearby foes to attack.
You have a long armoured tail.


Message History

The orc wizard points at you and mumbles some strange words.
The puff of flame hits you.
* * * LOW HITPOINT WARNING * * *
You block the orc wizard's attack.
You feel very mighty all of a sudden. You block the orc wizard's attack.
You slash the orc wizard!
You kill the orc wizard!
You closely miss the orc priest.
The orc priest is lightly wounded.
The orc priest hits you but does no damage. x2
You barely miss the orc priest.
The orc priest is lightly wounded.
The orc priest hits you but does no damage.
You closely miss the orc priest. You tail-slap the orc priest.
The orc priest is heavily wounded.
The orc priest hits you but does no damage.
The orc priest calls down the wrath of Beogh upon you.
Pain shoots through your body!
You die...

....o...........
................
.............# ###
#.........# ...#.........#
#.#.....o...# #.#.........#
.. #...#.########..#
..)+...#...@o......###
...#...#######...........
.........................
.._......................
._8_.....................
.._................#########
.....................# #...
#.....#.......†......# #...
#.. #.......<......# #...


You could see an orc priest.

Vanquished Creatures
  2 orc wizards (D:3)
  Natasha (D:3)
  3 adders (D:2)
  3 oozes
  A worm (D:2)
  A dart slug (D:1)
  5 orcs (D:3)
  2 giant cockroaches (D:2)
  4 goblins
  8 hobgoblins
  9 jackals
  A quokka (D:3)
  5 bats
  A frilled lizard (D:1)
  A giant cockroach zombie (D:3)
  5 kobolds
  7 rats
59 creatures vanquished.

Notes
Turn   | Place    | Note
-------+----------+-------------------------------------------
     0 | D:1      | Gauvater the Palentonga Fighter began the quest for the
                  | Orb.
     0 | D:1      | Reached XP level 1. HP: 20/20 MP: 1/1
   164 | D:1      | Reached XP level 2. HP: 24/27 MP: 2/2
   850 | D:1      | Reached XP level 3. HP: 33/33 MP: 3/3
  1493 | D:2      | Reached XP level 4. HP: 40/40 MP: 4/4
  1918 | D:3      | Found a shadowy altar of Dithmenos.
  1919 | D:3      | Found a shimmering altar of Xom.
  1938 | D:3      | Found a basalt altar of Yredelemnul.
  1938 | D:3      | Found a broken altar of Ashenzari.
  2234 | D:3      | Noticed Natasha
  2410 | D:3      | Killed Natasha
  2411 | D:3      | Reached XP level 5. HP: 32/48 MP: 5/5
  2574 | D:3      | Killed from afar by an orc priest

Illustrated notes

Levels and vault maps discovered:
D:1:      tarquinn_simple_flora_water_a, layout_basic, minmay_tiny_reverse_x
D:2:      layout_loops_ring
D:3:      layout_basic, chequers_temple_overflow_statue_of_worship,
          serial_co_window_serial, co_window_paths_b, co_window_cross_1,
          co_window_corner_a, co_window_cross_1, co_window_corner_a,
          co_window_corner_a, co_window_of_opportunity_b, co_window_cross_4,
          co_window_unsneaky_path_d, co_window_cross_4,
          co_window_unsneaky_path_a, glass_columns_c, glass_columns_a,
          uniq_ijyb, uniq_natasha

Skill      XL: |  1  2  3  4 |
---------------+-------------+-----
Armour         | 3 |  3.4
Axes           | 3 |  3.9
Shields        | 3 |  3.0
Fighting       | |  3.3
Dodging        | |  0.3

Action                   |  1- 3 |  4- 6 || total
-------------------------+-------+-------++-------
Melee: War axe           |   108 |   102 ||   210
       Tailslap          |    11 |     8 ||    19
 Abil: Rolling Charge    |    16 |    17 ||    33
  Use: Potion            |       |     4 ||     4
Armor: Scale mail        |    77 |    51 ||   128
Dodge: Dodged            |    35 |    16 ||    51
Block: Kite shield       |    86 |    38 ||   124
